Map: Traitor's Exile

Players

PureLegacy - Winner!

  • Race: Terran Terran
  • Spawn Location: 12:00

PureLegacy - Winner!

  • Race: Terran Terran
  • Spawn Location: 12:00

Alarak - Winner!

  • Race: Zerg Zerg
  • League: Master
  • Spawn Location: 9:00

Alarak - Winner!

  • Race: Zerg Zerg
  • League: Master
  • Spawn Location: 9:00

Darling

  • Race: Zerg Zerg
  • Spawn Location: 6:00

Darling

  • Race: Zerg Zerg
  • Spawn Location: 6:00

Canips

  • Race: Terran Terran
  • Spawn Location: 5:00

Canips

  • Race: Terran Terran
  • Spawn Location: 5:00

VOD

Have the link to the VOD?

Description

Time

  • Played on: Nov. 22, 2018, 9:04 a.m.
  • Length: 4:39
Show
View Real Time Build Order
Export as new Build Order

PureLegacy Terran - Winner!

Build Orders:  

Get SALT Encoding   

  12  0:00  SCV  
  13  0:12  SCV  
  14  0:19  Supply Depot  
  14  0:27  SCV  
  15  0:31  Refinery  
  15  0:40  SCV  
  16  0:47  Barracks  
  16  0:52  SCV  
  17  1:03  Barracks  
  17  1:17  Barracks  
  17  1:22  SCV  
  18  1:35  Reaper  
  19  1:40  Orbital Command  
  19  1:49  Refinery  
  19  1:51  Reaper  
  20  2:02  Supply Depot  
  20  2:05  Reaper  
  21  2:12  Reaper  
  22  2:16  SCV  
  23  2:28  Reaper  
  23  2:29  Supply Depot  
  24  2:33  SCV  
  25  2:41  Reaper  
  26  2:51  Reaper, SCV  
  28  3:02  Reaper  
  28  3:03  SCV  
  30  3:12  Command Center  
  30  3:13  Reaper  
  31  3:23  Reaper  
  32  3:32  SCV  
  32  3:34  Reaper  
  34  3:48  Reaper  
  35  4:05  SCV  
  35  4:08  Barracks, Supply Depot  
  35  4:09  Barracks  
  34  4:24  Barracks Reactor x2  
  34  4:31  Barracks Tech Lab  
Show
View Real Time Build Order
Export as new Build Order

PureLegacy Terran - Winner!

Build Orders:  

Get SALT Encoding   

  12  0:00  SCV  
  13  0:12  SCV  
  14  0:19  Supply Depot  
  14  0:27  SCV  
  15  0:31  Refinery  
  15  0:40  SCV  
  16  0:47  Barracks  
  16  0:52  SCV  
  17  1:03  Barracks  
  17  1:17  Barracks  
  17  1:22  SCV  
  18  1:35  Reaper  
  19  1:40  Orbital Command  
  19  1:49  Refinery  
  19  1:51  Reaper  
  20  2:02  Supply Depot  
  20  2:05  Reaper  
  21  2:12  Reaper  
  22  2:16  SCV  
  23  2:28  Reaper  
  23  2:29  Supply Depot  
  24  2:33  SCV  
  25  2:41  Reaper  
  26  2:51  SCV, Reaper  
  28  3:02  Reaper  
  28  3:03  SCV  
  30  3:12  Command Center  
  30  3:13  Reaper  
  31  3:23  Reaper  
  32  3:32  SCV  
  32  3:34  Reaper  
  34  3:48  Reaper  
  35  4:05  SCV  
  35  4:08  Supply Depot, Barracks  
  35  4:09  Barracks  
  34  4:24  Barracks Reactor x2  
  34  4:31  Barracks Tech Lab  
Show
View Real Time Build Order
Export as new Build Order

Alarak Zerg - Winner!

Build Orders: Pool First 

Get SALT Encoding   

  12  0:01  Drone  
  13  0:14  Overlord  
  13  0:18  Drone  
  14  0:32  Drone  
  14  0:33  Drone  
  16  0:37  Drone  
  17  0:48  Spawning Pool  
  17  0:49  Drone  
  17  0:53  Extractor  
  16  0:58  Drone  
  17  1:10  Drone  
  18  1:21  Drone  
  19  1:26  Hatchery  
  19  1:32  Drone  
  19  1:39  Queen  
  21  1:49  Overlord  
  21  1:54  Metabolic Boost  
  21  2:17  Queen  
  23  2:26  Zergling x6  
  26  2:39  Zergling x2  
  26  2:40  Zergling x2  
  26  2:43  Baneling Nest  
  27  2:48  Zergling x6  
  30  2:57  Zergling x4  
  30  3:07  Zergling x2  
  30  3:08  Zergling x2  
  31  3:13  Zergling x4  
  31  3:21  Zergling x6  
  32  3:30  Zergling x6  
  35  3:34  Overlord  
  35  3:38  Baneling x5  
  31  4:00  Zergling x12  
  32  4:13  Zergling x8  
  36  4:17  Zergling x2  
Show
View Real Time Build Order
Export as new Build Order

Alarak Zerg - Winner!

Build Orders: Pool First 

Get SALT Encoding   

  12  0:01  Drone  
  13  0:14  Overlord  
  13  0:18  Drone  
  14  0:32  Drone  
  14  0:33  Drone  
  16  0:37  Drone  
  17  0:48  Spawning Pool  
  17  0:49  Drone  
  17  0:53  Extractor  
  16  0:58  Drone  
  17  1:10  Drone  
  18  1:21  Drone  
  19  1:26  Hatchery  
  19  1:32  Drone  
  19  1:39  Queen  
  21  1:49  Overlord  
  21  1:54  Metabolic Boost  
  21  2:17  Queen  
  23  2:26  Zergling x6  
  26  2:39  Zergling x2  
  26  2:40  Zergling x2  
  26  2:43  Baneling Nest  
  27  2:48  Zergling x6  
  30  2:57  Zergling x4  
  30  3:07  Zergling x2  
  30  3:08  Zergling x2  
  31  3:13  Zergling x4  
  31  3:21  Zergling x6  
  32  3:30  Zergling x6  
  35  3:34  Overlord  
  35  3:38  Baneling x5  
  31  4:00  Zergling x12  
  32  4:13  Zergling x8  
  36  4:17  Zergling x2  
Show
View Real Time Build Order
Export as new Build Order

Darling Zerg 

Build Orders: Pool First 

Get SALT Encoding   

  12  0:01  Drone  
  13  0:14  Overlord  
  13  0:18  Drone  
  14  0:33  Drone  
  15  0:40  Extractor  
  15  0:41  Spawning Pool  
  13  0:45  Drone  
  15  0:50  Drone  
  15  0:54  Drone  
  16  1:03  Drone  
  17  1:26  Hatchery  
  17  1:32  Zergling x2  
  17  1:34  Zergling x2  
  18  1:40  Metabolic Boost  
  18  1:46  Zergling x2  
  19  1:53  Zergling x2  
  20  2:00  Queen  
  22  2:07  Overlord  
  22  2:26  Zergling x4  
  22  2:27  Zergling x2  
  25  2:38  Queen  
  25  2:40  Zergling x4  
  29  2:53  Zergling x4  
  31  3:09  Zergling x10  
  28  3:31  Drone x2  
  28  3:33  Zergling x2  
  28  3:34  Zergling x4  
  32  3:44  Zergling x4  
  32  3:47  Zergling x2  
  32  3:48  Zergling x2  
  29  3:50  Zergling x4  
  29  3:54  Zergling x2  
  28  4:01  Zergling x2  
Show
View Real Time Build Order
Export as new Build Order

Darling Zerg 

Build Orders: Pool First 

Get SALT Encoding   

  12  0:01  Drone  
  13  0:14  Overlord  
  13  0:18  Drone  
  14  0:33  Drone  
  15  0:40  Extractor  
  15  0:41  Spawning Pool  
  13  0:45  Drone  
  15  0:50  Drone  
  15  0:54  Drone  
  16  1:03  Drone  
  17  1:26  Hatchery  
  17  1:32  Zergling x2  
  17  1:34  Zergling x2  
  18  1:40  Metabolic Boost  
  18  1:46  Zergling x2  
  19  1:53  Zergling x2  
  20  2:00  Queen  
  22  2:07  Overlord  
  22  2:26  Zergling x4  
  22  2:27  Zergling x2  
  25  2:38  Queen  
  25  2:40  Zergling x4  
  29  2:53  Zergling x4  
  31  3:09  Zergling x10  
  28  3:31  Drone x2  
  28  3:33  Zergling x2  
  28  3:34  Zergling x4  
  32  3:44  Zergling x4  
  32  3:47  Zergling x2  
  32  3:48  Zergling x2  
  29  3:50  Zergling x4  
  29  3:54  Zergling x2  
  28  4:01  Zergling x2  
Show
View Real Time Build Order
Export as new Build Order

Canips Terran 

Build Orders: Liberator Opening 

Get SALT Encoding   

  12  0:01  SCV  
  13  0:13  SCV  
  14  0:19  Supply Depot  
  14  0:25  SCV  
  15  0:32  Refinery  
  15  0:40  SCV  
  16  0:47  Barracks  
  16  0:52  SCV  
  17  0:58  Refinery  
  17  1:04  SCV  
  18  1:17  SCV  
  19  1:29  SCV  
  20  1:35  Marine  
  20  1:36  Factory  
  21  1:40  Supply Depot  
  21  1:44  SCV  
  22  1:53  Marine  
  23  2:02  SCV  
  23  2:03  Supply Depot  
  24  2:12  Marine  
  25  2:22  Factory Reactor  
  25  2:30  Marine  
  25  2:35  SCV  
  25  2:36  Starport  
  25  2:55  Marine, Liberator  
  24  3:06  Hellion x2  
  28  3:13  Marine  
  28  3:15  Barracks  
  32  3:28  Hellion x2  
  36  3:38  Armory  
  36  3:39  Marine  
  37  3:52  Hellion  
  39  3:57  Hellion  
  33  4:08  Starport Tech Lab  
  33  4:13  Hellion  
Show
View Real Time Build Order
Export as new Build Order

Canips Terran 

Build Orders: Liberator Opening 

Get SALT Encoding   

  12  0:01  SCV  
  13  0:13  SCV  
  14  0:19  Supply Depot  
  14  0:25  SCV  
  15  0:32  Refinery  
  15  0:40  SCV  
  16  0:47  Barracks  
  16  0:52  SCV  
  17  0:58  Refinery  
  17  1:04  SCV  
  18  1:17  SCV  
  19  1:29  SCV  
  20  1:35  Marine  
  20  1:36  Factory  
  21  1:40  Supply Depot  
  21  1:44  SCV  
  22  1:53  Marine  
  23  2:02  SCV  
  23  2:03  Supply Depot  
  24  2:12  Marine  
  25  2:22  Factory Reactor  
  25  2:30  Marine  
  25  2:35  SCV  
  25  2:36  Starport  
  25  2:55  Marine, Liberator  
  24  3:06  Hellion x2  
  28  3:13  Marine  
  28  3:15  Barracks  
  32  3:28  Hellion x2  
  36  3:38  Armory  
  36  3:39  Marine  
  37  3:52  Hellion  
  39  3:57  Hellion  
  33  4:08  Starport Tech Lab  
  33  4:13  Hellion  
Tags
 
Add a new tag
Caveats
  • Supply blocks, unpowered buildings, or Contaminate may cause inaccurate times.
  • Supply counts are checked every 10 seconds.